 Dungeon Crawl Stone Soup version 0.28.0-53-g5a82cb258f (webtiles) character file.

Game seed: 54696614705961667

85 Zeld the Chopper (level 4, -2/41 HPs)
             Began as a Hill Orc Monk on May 24, 2022.
             Slain by an iguana (9 damage)
             ... on level 4 of the Dungeon.
             The game lasted 00:01:34 (836 turns).

Zeld the Chopper (Hill Orc Monk)                     Turns: 836, Time: 00:01:35

Health: -2/41      AC:  2    Str: 11    XL:     4   Next: 48%
Magic:  4/4        EV: 12    Int: 10    God:
Gold:   10         SH:  0    Dex: 13    Spells: 3/3 levels left

rFire   . . .      SeeInvis .   f - +6 flail of Mayhem {vamp, rPois Will+ Str-4}
rCold   . . .      Faith    .   (no shield)
rNeg    . . .      Spirit   .   b - +0 robe
rPois   +          Reflect  .   (no helmet)
rElec   .          Harm     .   (no cloak)
rCorr   .          Rampage  .   (no gloves)
Will    +....                   (no boots)
Stlth   ++........              (no amulet)
HPRegen 0.13/turn               (no ring)
MPRegen 0.09/turn               (no ring)

@: no status effects
A: no striking features
a: no special abilities


You were on level 4 of the Dungeon.
You visited 1 branch of the dungeon, and saw 3 of its levels.

You collected 10 gold pieces.

Inventory:

Hand Weapons
 a - a +0 war axe
 f - the +6 flail of Mayhem (weapon) {vamp, rPois Will+ Str-4}
   (You found it on level 4 of the Dungeon)

   It occasionally heals its wielder for a portion of the damage dealt when it
   wounds a living foe.
   Str:       It affects your strength (-4).
   rPois:     It protects you from poison.
   Will:      It increases your willpower.
Armour
 b - a +0 robe (worn)
Wands
 g - a wand of acid (7)
Scrolls
 c - a scroll of fear {unknown}
 d - a scroll of enchant weapon {unknown}
Potions
 e - a potion of might {unknown}


   Skills:
 * Level 4.6 Fighting
 * Level 5.1 Axes
 + Level 1.5 Armour
 + Level 2.7 Dodging
 - Level 1.5 Stealth


You had 3 spell levels left.
You didn't know any spells.
Your spell library was empty.

Dungeon Overview and Level Annotations

Branches:
Dungeon (2/15)

Altars:


Message History

Found an escape hatch in the floor.
There is an open door, spattered with blood here.
Things that are here:
a +0 mace; a +0 leather armour The orc warrior completely misses you.
You hear the rusting of a drain nearby.
There is an open door, spattered with blood here.
Things that are here:
a +0 mace; a +0 leather armour You open the door.
There is an open door here.
Found 4 gold pieces.
The orc warrior barely misses you.
You hear the brisk rusting of a distant drain.
The orc warrior misses you.
There is an open door here.
The orc hits you with a +0 whip.
There is an open door here.
The iguana hisses angrily.
There is an open door here.
The iguana barely misses you.
You barely miss the iguana. The iguana misses you.
You closely miss the iguana. The iguana bites you. The iguana misses you.
You hit the iguana.
The iguana is lightly wounded.
The orc warrior hits you from afar with a +0 halberd!
The iguana misses you.
You hit the iguana.
You feel better.
The iguana is heavily wounded.
The iguana misses you.
The orc warrior hits you from afar with a +0 halberd!
Found an escape hatch in the ceiling.
The iguana bites you.
The orc warrior hits you from afar with a +0 halberd!
* * * LOW HITPOINT WARNING * * *
There is an escape hatch in the ceiling here.
The orc hits you with a +0 whip.
* * * LOW HITPOINT WARNING * * *
The iguana bites you!
You die...

###### #....#
#....# #....#
##### #....#
#....#####....#
#..........o@.#
#.........ol..#
#.........#####
#.........#
#.........#
#.........#
#####.....#
#.....# #.....#


You could see an orc warrior, an iguana and an orc.

Vanquished Creatures
  A jelly (D:4)
  A hound (D:4)
  2 orcs (D:4)
  2 bats (D:1)
  3 endoplasms
  2 giant cockroaches
  3 hobgoblins
  3 jackals (D:2)
  A quokka (D:4)
  2 kobolds
  A rat (D:2)
21 creatures vanquished.

Notes
Turn   | Place    | Note
-------+----------+-------------------------------------------
     0 | D:1      | Zeld the Hill Orc Monk began the quest for the Orb.
     0 | D:1      | Reached XP level 1. HP: 19/19 MP: 1/1
    67 | D:1      | Found a faded altar of an unknown god.
   223 | D:1      | Reached XP level 2. HP: 20/27 MP: 2/2
   491 | D:2      | You fall into a shaft and drop 2 floors!
   497 | D:4      | Identified the +6 flail of Mayhem {vamp, rPois Will+ Str-4}
   530 | D:4      | Reached skill level 1 in Armour
   530 | D:4      | Reached XP level 3. HP: 16/33 MP: 3/3
   533 | D:4      | Reached skill level 5 in Axes
   533 | D:4      | Reached XP level 4. HP: 30/41 MP: 4/4
   732 | D:4      | Noticed an orc warrior
   836 | D:4      | Slain by an iguana

Illustrated notes

Levels and vault maps discovered:
D:1:      dpeg_arrival_stonehenge_12_columns, layout_basic,
          hellmonk_ecumenical_altar_arch_garden
D:2:      cheibrodos_greedy_goblins, layout_basic, uniq_crazy_yiuf_cottage,
          uniq_jessica
D:4:      layout_gridville, minitemple, lightli_sewer_entry_pipes

Skill      XL: |  1  2  3 |
---------------+----------+-----
Fighting       | 4 |  4.6
Armour         | 1 |  1.5
Axes           | 5 |  5.1
Dodging        | |  2.7
Stealth        | |  1.5

Action                   |  1- 3 |  4- 6 || total
-------------------------+-------+-------++-------
Melee: Hand axe          |    26 |       ||    26
       Flail             |    12 |    12 ||    24
       War axe           |     2 |       ||     2
       Punch             |       |     1 ||     1
 Stab: Sleeping          |     2 |     1 ||     3
Armor: Robe              |     8 |     2 ||    10
Dodge: Dodged            |    27 |    17 ||    44
